 Dungeon Crawl Stone Soup version 0.31-a0-175-g9f7f995f2b (webtiles) character file.

Game seed: 6458672900986443179

53 qw the Shooter (level 3, -1/22 HPs)
             Began as a Gargoyle Hunter on June 17, 2023.
             Slain by Ijyb
             ... wielding a +0 club
              (5 damage)
             ... on level 3 of the Dungeon.
             The game lasted 00:00:35 (1680 turns).

qw the Shooter (Gargoyle Hunter)                    Turns: 1680, Time: 00:00:36

Health: -1/22      AC: 10    Str: 12 (14) XL:     3   Next: 87%
Magic:  3/3        EV: 10    Int:  6 (9)  God:
Gold:   131        SH:  0    Dex: 13 (15) Spells: 2/2 levels left

rFire   . . .        Y - +0 shortbow (flame)
rCold   . . .        (shield currently unavailable)
rNeg    + . .        f - +0 ring mail
rPois   inf          k - +0 helmet
rElec   +            (no cloak)
rCorr   .            m - +0 pair of gloves
SInv    .            (no boots)
Will    .....        d - amulet of regeneration
Stlth   +            (no ring)
HPRegen 1.03/turn    (no ring)
MPRegen 0.08/turn

%: no passive effects
@: no status effects
A: sickness immunity, AC +3, negative energy resistance 1, electricity
resistance, torment resistance 1, petrification resistance
a: no special abilities


You were on level 3 of the Dungeon.
You visited 1 branch of the dungeon, and saw 3 of its levels.

You collected 131 gold pieces.


Innate Abilities, Weirdness & Mutations

You are immune to sickness and miasma.
Your stone body is resilient. (AC +3)
You are immune to poison.
You resist negative energy. (rN+)
You are resistant to electric shocks. (rElec)
You are resistant to unholy torment.
You are immune to petrification.


   Skills:
 + Level 2.8 Fighting
 - Level 5.0 Ranged Weapons
 - Level 1.0 Armour
 - Level 1.5 Dodging
 - Level 1.1 Stealth


You had 2 spell levels left.
You didn't know any spells.
Your spell library was empty.

Inventory:

Hand Weapons
 Y - a +0 shortbow of flaming (weapon)
Armour
 f - a +0 ring mail (worn)
 k - a +0 helmet (worn)
 m - a +0 pair of gloves (worn)
Jewellery
 d - an amulet of regeneration (around neck)
Scrolls
 a - a scroll of teleportation {unknown}
Potions
 e - a potion of enlightenment {unknown}
 l - a potion of heal wounds {unknown}

Dungeon Overview and Level Annotations

Branches:
Dungeon (3/15)

Altars:

Shops:
D:1 (   D:3 (

Annotations:
D:2 1 runed translucent door, Crazy Yiuf
D:3 Ijyb


Message History

Ijyb the Twisted Goblin comes into view.
She is wielding a +0 club, wearing a +3 leather armour of poison resistance and carrying a wand of quicksilver (2).
Ijyb moves out of view.
Ijyb, a goblin and a bat come into view.
Ijyb is wielding a +0 club, wearing a +3 leather armour of poison resistance and carrying a wand of quicksilver (2).
The goblin shouts!
You shoot an arrow. The arrow hits the bat!
The arrow burns the bat.
You kill the bat!
You shoot an arrow. The arrow closely misses Ijyb.
Ijyb zaps a wand.
The bolt of dispelling energy hits you!
Ouch! That really hurt!
You shoot an arrow. The arrow completely misses Ijyb.
You shoot an arrow. The arrow hits Ijyb but does no damage.
You shoot an arrow. The arrow closely misses Ijyb.
Ijyb hits you with a +0 club.
You shoot an arrow. The arrow hits Ijyb but does no damage.
Ijyb closely misses you. The goblin hits you but does no damage.
You shoot an arrow. The arrow hits Ijyb!
The arrow burns Ijyb.
Ijyb is moderately wounded.
The goblin barely misses you. Ijyb hits you but does no damage.
Ijyb zaps a wand.
The bolt of dispelling energy hits you!
Ouch! That really hurt!
The now-empty wand crumbles to dust.
The goblin hits you but does no damage.
You shoot an arrow. The arrow barely misses Ijyb.
Ijyb hits you but does no damage. The goblin closely misses you.
You shoot an arrow. The arrow closely misses Ijyb.
Ijyb hits you but does no damage. The goblin hits you but does no damage.
You shoot an arrow. The arrow hits Ijyb.
The arrow burns Ijyb.
Ijyb is heavily wounded.
Ijyb hits you but does no damage. The goblin barely misses you.
Ijyb hits you with a +0 club. The goblin completely misses you.
You shoot an arrow. The arrow hits Ijyb but does no damage.
Ijyb is heavily wounded.
Ijyb screams, "Me stronger than you!" Ijyb hits you but does no damage.
The goblin hits you but does no damage.
You shoot an arrow. The arrow hits Ijyb but does no damage.
Ijyb is heavily wounded.
Ijyb barely misses you. The goblin hits you but does no damage.
You shoot an arrow. The arrow closely misses Ijyb.
The goblin hits you with a +0 club. Ijyb hits you with a +0 club.
You die...

#..##.#### #.
#.......<# #.
#...#.##.# #..
#....\##.#
#..##...####.#
#......#####.#
...>#.#.......#
...#.#.#.....###
......g@.....#
...%.#g#.....#
.......#.....# .
.....#######
......# .....#
#...# ##.#


You could see Ijyb and a goblin.

Vanquished Creatures
  An adder (D:2)
  2 worms (D:2)
  A dart slug (D:1)
  4 ball pythons
  4 endoplasms
  2 giant cockroaches (D:1)
  4 goblins
  4 hobgoblins
  5 kobolds
  A quokka (D:1)
  2 bats
  A frilled lizard (D:2)
  3 rats (D:1)
34 creatures vanquished.

Notes
Turn   | Place    | Note
-------+----------+-------------------------------------------
     0 | D:1      | qw the Gargoyle Hunter began the quest for the Orb.
     0 | D:1      | Reached XP level 1. HP: 12/12 MP: 1/1
     0 | D:1      | 0 ||| qw: Version: 0.3-a-2-g5ab2908
     0 | D:1      | 0 ||| qw: Game counter: 192
     0 | D:1      | 0 ||| qw: Always use a shield: true
     0 | D:1      | 0 ||| qw: God list: Okawaru
     0 | D:1      | 0 ||| qw: Allow faded altars: false
     0 | D:1      | 0 ||| qw: Do Orc after D:15 true
     0 | D:1      | 0 ||| qw: Do second Lair branch before Depths: true
     0 | D:1      | 0 ||| qw: Lair rune preference: random
     0 | D:1      | 0 ||| qw: Plans: Normal, Zot:1-4, Slime:5, God:TSO, Crypt,
                  | Tomb, Abyss, Pan, Hells, Win
     0 | D:1      | 0 ||| PLANNING D:1-11
    54 | D:1      | Reached XP level 2. HP: 17/17 MP: 2/2
   379 | D:1      | Found Vethezxi's Antique Weapon Boutique.
   539 | D:1      | 539 ||| UPGRADING to +0 ring mail.
   549 | D:1      | 549 ||| DROPPING +0 leather armour.
   550 | D:1      | 550 ||| UPGRADING to +0 helmet.
   555 | D:1      | 555 ||| UPGRADING to +0 pair of gloves.
   560 | D:1      | 560 ||| READING scroll labelled SEUXZU KOTA.
   561 | D:1      | 561 ||| READING scroll labelled DUOLIA NAOKHLIL.
   562 | D:1      | 562 ||| READING scroll labelled UME EH DYWON.
   663 | D:1      | 663 ||| READING scroll labelled ULINEA UGUO.
   664 | D:1      | 664 ||| READING scroll labelled NULAUKHL HOSA.
   665 | D:1      | 665 ||| READING scroll labelled PAETHA XEORR.
   666 | D:1      | 666 ||| DROPPING scroll of butterflies.
   873 | D:2      | 873 ||| Stepping ~*~*~tactically~*~*~ (outnumbered).
   881 | D:2      | 881 ||| Stepping ~*~*~tactically~*~*~ (outnumbered).
   887 | D:2      | Reached XP level 3. HP: 17/21 MP: 3/3
   928 | D:2      | Reached skill level 1 in Armour
  1099 | D:2      | Reached skill level 5 in Ranged Weapons
  1477 | D:2      | Found a runed translucent door.
  1478 | D:2      | Noticed Crazy Yiuf
  1611 | D:2      | 1611 ||| UPGRADING to amulet of regeneration.
  1616 | D:2      | 1616 ||| READING scroll labelled VOINIU YGOD.
  1617 | D:2      | 1617 ||| READING scroll labelled COSEOPP YZUAGO.
  1618 | D:2      | 1618 ||| READING scroll labelled CECAITO WUATH.
  1619 | D:2      | 1619 ||| DRINKING 2 inky potions.
  1620 | D:2      | 1620 ||| DROPPING potion of degeneration.
  1649 | D:3      | Found Denkaemi's Antique Weapon Shop.
  1666 | D:3      | Noticed Ijyb
  1674 | D:3      | HP: 1/22 [Ijyb/bolt of dispelling energy (12)]
  1680 | D:3      | HP: 4/22 [goblin/+0 club (2)]
  1680 | D:3      | Slain by Ijyb

Levels and vault maps discovered:
D:1:      evilmike_arrival_plus, layout_basic, serial_shops, shop
D:2:      minmay_general_purpose_star, layout_basic, uniq_crazy_yiuf_cottage
D:3:      layout_loops_cross, nicolae_uskayaw_murder_on_the_dancefloor,
          serial_shops, shop, ebering_ghost_inner_flame, uniq_terence, uniq_ijyb

Skill      XL: |  1  2  3 |
---------------+----------+-----
Armour         | 1 |  1.0
Ranged Weapons | 5 |  5.0
Fighting       | |  2.8
Dodging        | |  1.5
Stealth        | |  1.1

Action                     || total
---------------------------++-------
   Fire: Shortbow          ||   119
    Use: Scroll            ||     9
         Potion            ||     1
 Armour: Leather armour    ||     3
         Ring mail         ||    23
  Dodge: Dodged            ||    18

Table legend:
 A = Non-vault XP
 B = Vault XP
 C = Vault XP percentage of total XP
 D = Non-vault monster count
 E = Vault monster count
 F = Vault count percentage of total count
                 A         B        C        D         E       F
            +---------+---------+-------+---------+---------+-------
      Total |      70 |       6 |   7.9 |      30 |       4 |  11.8
            +---------+---------+-------+---------+---------+-------
        D:1 |      29 |       0 |   0.0 |      16 |       0 |   0.0
        D:2 |      40 |       6 |  13.0 |      13 |       4 |  23.5
        D:3 |       1 |       0 |   0.0 |       1 |       0 |   0.0
            +---------+---------+-------+---------+---------+-------
